ITL
PORTLAND PRIVATEERS @ CHATTANOOGA CHINPOKOMON
08/12/2029
 
TOP OF THE 1ST
Portland Privateers batting - Pitching for Chattanooga Chinpokomon : LHP Ed Stevens
Pitching: LHP Ed Stevens
Batting: SHB José Espinoza 0-0: Called Strike
0-1: Ball
1-1: Ball
2-1: Foul Ball, location: 2F
2-2: Strikes out swinging
Batting: SHB Patrick Larson 0-0: Ball
1-0: Called Strike
1-1: Ball
2-1: Called Strike
2-2: Strikes out swinging
Batting: LHB Carter Sweet 0-0: Called Strike
0-1: Ball
1-1: Foul Ball, location: 2F
1-2: Foul Ball, location: 2F
1-2: Ball
2-2: Ball
3-2: Base on Balls
Batting: RHB Carlos Castro 0-0: Ball
1-0: Ground out 3-1 (Groundball, 34)
Top of the 1st over - 0 runs, 0 hits, 0 errors, 1 left on base; Portland 0 - Chattanooga 0
BOTTOM OF THE 1ST
Chattanooga Chinpokomon batting - Pitching for Portland Privateers : RHP Carlos Molina
Pitching: RHP Carlos Molina
Batting: LHB Elvin Summers 0-0: Ball
1-0: Ball
2-0: Called Strike
2-1: Ball
3-1: SOLO HOME RUN (Flyball, 89XD), Distance : 390 ft
Batting: RHB Patrick Potts 0-0: Called Strike
0-1: Ball
1-1: DOUBLE (Flyball, 89D)
Batting: RHB Cristo García 0-0: Ball
1-0: Called Strike
1-1: SINGLE (Flyball, 78S)
Patrick Potts to third
Runner from 3rd tries for Home, SAFE, no throw
Batting: LHB José Costa 0-0: Ball
1-0: Ball
2-0: 2-RUN HOME RUN (Flyball, 89XD), Distance : 395 ft
Pitching: RHP Terry Fields
Batting: RHB Ricardo Salazar 0-0: Ball
1-0: Fly out, F8 (Flyball, 8RM)
Batting: RHB Ichizo Akiyama 0-0: Ball
1-0: Called Strike
1-1: Called Strike
1-2: Foul Ball, location: 2F
1-2: Foul Ball, location: 2F
1-2: Ball
2-2: Strikes out swinging
Batting: SHB Darrel Lang 0-0: Called Strike
0-1: Foul Ball, location: 2F
0-2: Ball
1-2: Ball
2-2: Fly out, F4 (Line Drive, 4)
Bottom of the 1st over - 4 runs, 4 hits, 0 errors, 0 left on base; Portland 0 - Chattanooga 4
TOP OF THE 2ND
Portland Privateers batting - Pitching for Chattanooga Chinpokomon : LHP Ed Stevens
Batting: LHB Dillon Beck 0-0: Called Strike
0-1: Ball
1-1: Called Strike
1-2: Foul Ball, location: 2F
1-2: SINGLE (Line Drive, 3D)
Batting: RHB Joe Bailey 0-0: Swinging Strike
0-1: Fielders Choice at 2nd, 5-4 (Groundball, 5L)
Batting: RHB Luis Pineda 0-0: Called Strike
0-1: Grounds out, U3 (Groundball, 3L)
Batting: RHB Ramiro Gámez 0-0: Reached on error, E4 (Groundball, 4MS)
Joe Bailey to third
Batting: RHB Dave Nelson 0-0: Foul Ball, location: 2F
0-1: Ball
1-1: Swinging Strike
1-2: Strikes out looking
Top of the 2nd over - 0 runs, 1 hit, 1 error, 2 left on base; Portland 0 - Chattanooga 4
BOTTOM OF THE 2ND
Chattanooga Chinpokomon batting - Pitching for Portland Privateers : RHP Terry Fields
Batting: RHB Luis Antonio Velásquez 0-0: Ball
1-0: Ground out 4-3 (Groundball, 4M)
Batting: RHB José Martínez 0-0: Ball
1-0: SOLO HOME RUN (Flyball, 9LD), Distance : 350 ft
Batting: LHB Elvin Summers 0-0: Called Strike
0-1: Fly out, F7 (Flyball, 7LS)
Batting: RHB Patrick Potts 0-0: Foul Ball, location: 2F
0-1: Foul Ball, location: 2F
0-2: Strikes out swinging
Bottom of the 2nd over - 1 run, 1 hit, 0 errors, 0 left on base; Portland 0 - Chattanooga 5
TOP OF THE 3RD
Portland Privateers batting - Pitching for Chattanooga Chinpokomon : LHP Ed Stevens
Batting: SHB José Espinoza 0-0: Ball
1-0: Called Strike
1-1: Ball
2-1: Ball
3-1: Called Strike
3-2: SOLO HOME RUN (Flyball, 7D), Distance : 382 ft
Batting: SHB Patrick Larson 0-0: Called Strike
0-1: Ball
1-1: Swinging Strike
1-2: Ground out 4-3 (Groundball, 4)
Batting: LHB Carter Sweet 0-0: SOLO HOME RUN (Flyball, 9D), Distance : 361 ft
Batting: RHB Carlos Castro 0-0: SOLO HOME RUN (Line Drive, 7LD), Distance : 363 ft
Batting: LHB Dillon Beck 0-0: Called Strike
0-1: Ball
1-1: Foul Ball, location: 2F
1-2: Fly out, F7 (Flyball, 7S)
Batting: RHB Joe Bailey 0-0: Ball
1-0: Ball
2-0: Foul Ball, location: 2F
2-1: Called Strike
2-2: Ball
3-2: Foul Ball, location: 2F
3-2: Strikes out looking
Top of the 3rd over - 3 runs, 3 hits, 0 errors, 0 left on base; Portland 3 - Chattanooga 5
BOTTOM OF THE 3RD
Chattanooga Chinpokomon batting - Pitching for Portland Privateers : RHP Terry Fields
Batting: RHB Cristo García 0-0: Called Strike
0-1: Swinging Strike
0-2: Ball
1-2: Strikes out swinging
Batting: LHB José Costa 0-0: Ball
1-0: Ball
2-0: Ball
3-0: Base on Balls
Batting: RHB Ricardo Salazar 0-0: Fly out, F8 (Flyball, 8RS)
Batting: RHB Ichizo Akiyama 0-0: Called Strike
0-1: Ball
1-1: Called Strike
1-2: Ball
José Costa steals 2nd base
2-2: Ball
3-2: Foul Ball, location: 2F
3-2: Strikes out swinging
Bottom of the 3rd over - 0 runs, 0 hits, 0 errors, 1 left on base; Portland 3 - Chattanooga 5
TOP OF THE 4TH
Portland Privateers batting - Pitching for Chattanooga Chinpokomon : LHP Ed Stevens
Batting: RHB Luis Pineda 0-0: Called Strike
0-1: Foul Ball, location: 2F
0-2: Ball
1-2: Ground out 2-3 (Groundball, 15S)
Batting: RHB Ramiro Gámez 0-0: Ball
1-0: Ground out 5-3 (Groundball, 5)
Batting: RHB Dave Nelson 0-0: Called Strike
0-1: Called Strike
0-2: Ball
1-2: Ball
2-2: SINGLE (Groundball, 34S) (infield hit)
Batting: SHB José Espinoza 0-0: Called Strike
0-1: Ball
1-1: Swinging Strike
1-2: Foul Ball, location: 2F
1-2: Strikes out swinging
Top of the 4th over - 0 runs, 1 hit, 0 errors, 1 left on base; Portland 3 - Chattanooga 5
BOTTOM OF THE 4TH
Chattanooga Chinpokomon batting - Pitching for Portland Privateers : RHP Terry Fields
Batting: SHB Darrel Lang 0-0: Called Strike
0-1: SOLO HOME RUN (Flyball, 8LXD), Distance : 422 ft
Batting: RHB Luis Antonio Velásquez 0-0: Ball
1-0: Ball
2-0: Ball
3-0: Called Strike
3-1: Foul Ball, location: 2F
3-2: Foul Ball, location: 2F
3-2: Strikes out swinging
Batting: RHB José Martínez 0-0: Foul Ball, location: 2F
0-1: Ball
1-1: SOLO HOME RUN (Flyball, 9D), Distance : 378 ft
Batting: LHB Elvin Summers 0-0: Called Strike
0-1: Ball
1-1: Called Strike
1-2: Foul Ball, location: 2F
1-2: SINGLE (Groundball, 34D)
Pitching: LHP Wilbert Cooper
Batting: RHB Patrick Potts 0-0: Called Strike
0-1: Ball
1-1: Ball
2-1: Swinging Strike
2-2: SINGLE (Line Drive, 7S)
Elvin Summers to second
Runner from 2nd tries for 3rd, SAFE, throw made to third
Batting: RHB Cristo García 0-0: Ball
1-0: Ball
2-0: Ball
3-0: Called Strike
3-1: Foul Ball, location: 2F
3-2: Foul Ball, location: 2F
3-2: Foul Ball, location: 2F
3-2: Foul Ball, location: 2F
3-2: Fly out, F8 (Flyball, 8RS)
Runner from 3rd tags up, SCORES, no throw
Batting: LHB José Costa 0-0: Called Strike
0-1: TRIPLE (Flyball, 7D)
Patrick Potts scores
Batting: RHB Ricardo Salazar 0-0: Called Strike
0-1: Ball
1-1: Foul Ball, location: 2F
1-2: SINGLE (Flyball, 89S)
José Costa scores
Batting: RHB Ichizo Akiyama 0-0: Ball
1-0: Called Strike
1-1: Ball
2-1: Foul Ball, location: 2F
2-2: SINGLE (Flyball, 7LS)
Ricardo Salazar to second
Batting: SHB Darrel Lang 0-0: Ball
Balk!
Ricardo Salazar to third
Ichizo Akiyama to second
1-0: Foul Ball, location: 2F
1-1: Ball
2-1: Fly out, F8 (Flyball, 89XD)
Bottom of the 4th over - 5 runs, 7 hits, 0 errors, 2 left on base; Portland 3 - Chattanooga 10
TOP OF THE 5TH
Portland Privateers batting - Pitching for Chattanooga Chinpokomon : LHP Ed Stevens
Batting: SHB Patrick Larson 0-0: Called Strike
0-1: Called Strike
0-2: Strikes out swinging
Batting: LHB Carter Sweet 0-0: Foul Ball, location: 2F
0-1: Foul Ball, location: 2F
0-2: Ball
1-2: Strikes out swinging
Batting: RHB Carlos Castro 0-0: Ball
1-0: Called Strike
1-1: Ground out U3 (Groundball, 34S)
Top of the 5th over - 0 runs, 0 hits, 0 errors, 0 left on base; Portland 3 - Chattanooga 10
BOTTOM OF THE 5TH
Chattanooga Chinpokomon batting - Pitching for Portland Privateers : LHP Wilbert Cooper
Batting: RHB Luis Antonio Velásquez 0-0: Ground out 6-3 (Groundball, 56)
Batting: RHB José Martínez 0-0: Ball
1-0: Ball
2-0: Foul Ball, location: 2F
2-1: Swinging Strike
2-2: Ball
3-2: Base on Balls
Batting: LHB Elvin Summers 0-0: Swinging Strike
0-1: Foul Ball, location: 2F
0-2: Strikes out swinging
Batting: RHB Patrick Potts 0-0: Called Strike
0-1: Ball
Wild Pitch!
José Martínez to second
1-1: Foul Ball, location: 2F
1-2: Foul Ball, location: 2F
1-2: Fly out, F4 (Popup, 4)
Bottom of the 5th over - 0 runs, 0 hits, 0 errors, 1 left on base; Portland 3 - Chattanooga 10
TOP OF THE 6TH
Portland Privateers batting - Pitching for Chattanooga Chinpokomon : LHP Ed Stevens
Batting: LHB Dillon Beck 0-0: Ball
1-0: Fly out, F9 (Flyball, 89M)
Batting: RHB Joe Bailey 0-0: Reached on error, E6 (Groundball, 6)
Batting: RHB Luis Pineda 0-0: Called Strike
0-1: Called Strike
0-2: Ball
1-2: Ball
2-2: Ball
3-2: Base on Balls
Joe Bailey to second
Batting: RHB Ramiro Gámez 0-0: Called Strike
0-1: Ball
1-1: Ball
2-1: Swinging Strike
2-2: Strikes out looking
Batting: RHB Dave Nelson 0-0: Called Strike
0-1: SINGLE (Flyball, 7S)
Joe Bailey to third
Luis Pineda to second
Runner from 3rd tries for Home, SAFE, no throw
Batting: SHB José Espinoza 0-0: 3-RUN HOME RUN (Flyball, 7D), Distance : 383 ft
Pitching: LHP Mario Solíz
Batting: SHB Patrick Larson 0-0: Ball
1-0: Called Strike
1-1: Foul Ball, location: 2F
1-2: Strikes out swinging
Top of the 6th over - 4 runs, 2 hits, 1 error, 0 left on base; Portland 7 - Chattanooga 10
BOTTOM OF THE 6TH
Chattanooga Chinpokomon batting - Pitching for Portland Privateers : LHP Wilbert Cooper
Pitching: LHP Jaime Ayala
Batting: RHB Cristo García 0-0: Called Strike
Saturday, December 16th, 2017 - OOTP Baseball 18.8 Build 76